 Dungeon Crawl Stone Soup version 0.25.1-2-g60ff931df9 (webtiles) character file.

Game seed: 15364191173542631470

16355 alexpussydestroyer the Ripper (level 12, -2/52 HPs)
             Began as a Felid Berserker on Oct 31, 2020.
             Was a High Priest of Trog.
             Slain by a spiny frog (5 damage)
             ... while petrified by you
             ... on level 5 of the Lair of Beasts on Nov 1, 2020.
             The game lasted 01:50:43 (19745 turns).

alexpussydestroyer the Ripper (Felid Berserker)    Turns: 19745, Time: 01:50:43

Health: -2/52      AC:  3    Str: 26    XL:     12   Next: 9%
Magic:  13/13      EV:  4    Int:  8    God:    Trog [*****.]
Gold:   837        SH:  0    Dex: 20    Spells: 11/11 levels left
                                        Lives:  0   Deaths: 3

rFire    . . .     SeeInvis +     - Unarmed
rCold    + . .     Gourm    .   (shield unavailable)
rNeg     + + +     Faith    .   (armour unavailable)
rPois    ∞         Spirit   .   (helmet unavailable)
rElec    .         Reflect  .   (cloak unavailable)
rCorr    .         Harm     .   (gloves unavailable)
MR       +....                  (boots unavailable)
Stlth    +++++++...             l - amulet of the acrobat
HPRegen  0.17/turn              K - +6 ring of strength
MPRegen  0.13/turn              r - +6 ring of strength

@: petrified, berserk cooldown, slowed, studying Dodging, quick
A: very small, no armour, no weapons or thrown items, stealth, claws 1, fangs 3,
see invisible, carnivore, speed 1, mutation resistance 1, shaggy fur 3, slow
metabolism 1, sharp paws
a: Berserk, Trog's Hand, Brothers in Arms, Renounce Religion


You were on level 5 of the Lair of Beasts.
You worshipped Trog.
Trog was extremely pleased with you.
You were very full.

You visited 4 branches of the dungeon, and saw 17 of its levels.
You also visited: Sewer.

You collected 837 gold pieces.

Inventory:

Magical Staves
 D - an uncursed staff of cold
Jewellery
 b - an uncursed ring of protection from fire
 e - an uncursed amulet of reflection
 l - an amulet of the acrobat (around neck)
 n - an uncursed ring of teleportation
 r - a +6 ring of strength (right paw)
 w - an uncursed ring of see invisible
 B - an uncursed ring of ice
 K - a +6 ring of strength (left paw)
 M - an uncursed ring of protection from cold {unknown}
Wands
 s - a wand of acid (17)
 u - a wand of polymorph (6)
 x - a wand of random effects (17)
 y - a wand of flame (38)
 E - a wand of paralysis (7)
 F - a wand of clouds (6)
 I - a wand of iceblast (4)
Scrolls
 c - 2 scrolls of blinking
 d - 3 scrolls of immolation
 f - 5 scrolls of noise
 i - 13 scrolls of identify
 m - 2 scrolls of magic mapping
 p - 2 scrolls of fear
 q - 11 scrolls of teleportation
 G - 3 scrolls of remove curse
 J - a scroll of silence {unknown}
Potions
 g - 3 potions of might
 h - 2 potions of magic
 j - 4 potions of brilliance
 k - a potion of ambrosia
 t - 2 potions of haste
 v - 2 potions of flight
 z - 2 potions of cancellation
 A - 2 potions of stabbing
 H - 3 potions of heal wounds
Books
 o - a manual of Dodging
Miscellaneous
 C - a phial of floods
Comestibles
 a - 43 rations
 L - 6 chunks of flesh


   Skills:
 + Level 5.6 Fighting
 + Level 13.6 Dodging
 + Level 14.6 Stealth
 + Level 16.1 Unarmed Combat
 + Level 0.4 Evocations


You had 11 spell levels left.
You didn't know any spells.
Your spell library contained the following spells:

 Spells                   Type           Power        Failure   Level  Hunger
 Animate Skeleton         Necr           N/A          41%         1    ##.....
 Apportation              Tloc           #.....       41%         1    ##.....
 Infusion                 Chrm           #...         41%         1    ##.....
 Pain                     Necr           #...         41%         1    ##.....
 Summon Butterflies       Summ           #.......     41%         1    ##.....
 Shroud of Golubria       Chrm/Tloc      #.....       54%         2    ###....
 Song of Slaying          Chrm           #.......     54%         2    ###....
 Ignite Poison            Fire/Tmut/Pois #.......     78%         3    ####...
 Lesser Beckoning         Tloc           #.........   78%         3    ####...
 Ozocubu's Armour         Chrm/Ice       #.......     78%         3    ####...
 Recall                   Summ/Tloc      N/A          78%         3    ####...
 Tukima's Dance           Hex            #.......     78%         3    ####...
 Vampiric Draining        Necr           #.........   78%         3    ####...
 Animate Dead             Necr           N/A          99%         4    #####..
 Cause Fear               Hex            #.........   99%         4    #####..
 Agony                    Necr           #.......     100%        5    ######.
 Alistair's Intoxication  Tmut/Pois      #.......     100%        5    ######.
 Aura of Abjuration       Summ           #.........   100%        5    ######.
 Fireball                 Conj/Fire      #.........   100%        5    ######.
 Silence                  Hex/Air        #.........   100%        5    ######.
 Summon Demon             Summ           #.........   100%        5    ######.
 Summon Forest            Summ/Tloc      #.........   100%        5    ######.
 Summon Mana Viper        Hex/Summ       #.......     100%        5    ######.
 Yara's Violent Unravell  Hex/Tmut       #.........   100%        5    ######.
 Invisibility             Hex            #.......     100%        6    #######
 Shadow Creatures         Summ           N/A          100%        6    #######
 Starburst                Conj/Fire      #.........   100%        6    #######
 Ring of Flames           Chrm/Fire      #.........   100%        7    #######
 Discord                  Hex            #.........   100%        8    #######
 Ignition                 Fire           #.........   100%        8    #######
 Spectral Weapon          Hex/Chrm       Unusable     N/A         3    N/A

Dungeon Overview and Level Annotations

Branches:
Dungeon (10/15)            Temple (1/1) D:5            Lair (5/6) D:10
  Swamp (0/4) Lair:4       Spider (0/4) Lair:4          Orc (1/2) D:9
  Sewer (visited)
  Slime: Lair:5-6

Altars:
Ashenzari
Cheibriados
Dithmenos
Elyvilon
Fedhas
Gozag
Hepliaklqana
Kikubaaqudgha
Makhleb
Nemelex Xobeh
Okawaru
Qazlal
Ru
Sif Muna
Trog
Uskayaw
Vehumet
Wu Jian
Xom
Yredelemnul
Zin
The Shining One
Lugonu

Shops:
D:8 *   D:10 [

Annotations:
Lair:1 exclusion: 2 oklob plants
Lair:2 2 transporters, Kotami's ghost, journeyman OpFi


Innate Abilities, Weirdness & Mutations

You cannot wear armour.
You are incapable of wielding weapons or throwing items.
Your paws allow you to move quietly. (Stealth)
You have sharp claws.
You have razor-sharp teeth.
You have supernaturally acute eyesight. (SInv)
You are carnivorous and can eat meat at any time.
You cover ground quickly.
Your thick and shaggy fur keeps you warm. (AC +3, rC+)
You have a slow metabolism.
Your sharp claws are effective at attacking unaware monsters.
You are somewhat resistant to further mutation.


Message History

The blink frog closely misses you.
Your limbs are stiffening.
You barely miss the blink frog. You claw the blink frog.
Your bite misses the blink frog.
The blink frog is lightly wounded.
Your skin stops crawling.
You feel less resistant to hostile enchantments.
The blink frog blinks!
The blink frog hits you.
You scratch the blink frog. You bite the blink frog!!
The blink frog is severely wounded.
You are no longer berserk.
You are exhausted.
You feel yourself slow down.
The spiny frog is no longer petrified.
You have turned to stone.
The blink frog hits you. The blink frog barely misses you.
The blink frog blinks!
The blink frog hits you!
* * * LOW HITPOINT WARNING * * *
The blink frog hits you!
* * * LOW HITPOINT WARNING * * *
The blink frog blinks!
The spiny frog stings you!
You die...

#. #....#P....#......##....
... #...#.....###.....###P..
##.####...#.†....##....#......
#P...#....#....#.÷............
..........#..F..##............
.......(.......#.#............
................†.............
.P.......#...8.#§#............
#P.......#.#§@F...............
PP.......#.#.FF..#.......P#.##
....#....##.#§..##........## #
..........##.+F####......## #
H...#######..... #####..# P..#
#......F ... P.. #........ #.
+...8..... ........#.§


You could see a spiny frog and 5 blink frogs.

Vanquished Creatures
  Harold (Lair:1)
  An ice dragon (D:10)
  A hydra (Lair:3)
  A two-headed ogre (D:9)
  A catoblepas (Lair:5)
  4 death yaks (Lair:3)
  Urug (Lair:1)
  An unseen horror (D:10)
  Pikel (D:4)
  Maurice (D:9)
  8 spiny frogs
  3 black mambas
  Maggie (Lair:1)
  2 rime drakes
  5 komodo dragons
  4 polar bears
  3 hornets (Lair:4)
  8 blink frogs
  7 hippogriffs
  4 redbacks (Lair:4)
  12 spriggans (Lair:4)
  Eustachio (D:5)
  4 hogs (D:7)
  11 yaks
  A human (D:7)
  A hungry ghost (D:8)
  4 basilisks
  Menkaure (D:5)
  A water moccasin (Lair:2)
  9 porcupines
  6 ice beasts
  An orc warrior (D:7)
  A sky beast (D:8)
  A black bear (D:10)
  2 phantoms
  2 ogres (D:5)
  3 boggarts (Lair:4)
  4 wolves (D:10)
  4 centaurs
  7 crocodiles
  Blork the orc (D:5)
  12 bullfrogs
  2 big kobolds
  2 gnoll sergeants
  2 scorpions
  4 wights (D:8)
  6 killer bees (D:9)
  A vampire bat (Lair:2)
  A howler monkey (D:8)
  2 electric eels (Lair:2)
  A bullfrog zombie (D:7)
  8 crimson imps
  A centaur zombie (D:7)
  6 hounds
  A jelly (D:5)
  A gnoll shaman (D:4)
  4 orc priests
  4 centaur skeletons
  7 iguanas
  8 worker ants
  Ijyb (D:4)
  3 orc wizards (D:8)
  5 hell rats
  A killer bee zombie (D:6)
  A hound zombie (D:9)
  A hound skeleton (D:6)
  A worker ant zombie (D:7)
  Robin (D:4)
  14 gnolls
  17 river rats
  12 adders
  5 shadow imps
  An adder zombie (D:6)
  3 worms
  4 dart slugs
  30 orcs
  16 bats
  9 giant cockroaches
  9 hobgoblins
  17 jackals
  A quokka (D:5)
  10 ball pythons
  11 frilled lizards
  19 goblins
  A jackal zombie (D:5)
  25 kobolds
  A leopard gecko skeleton (D:6)
  A leopard gecko zombie (D:8)
  15 rats
  2 fungi (D:10)
  26 plants
471 creatures vanquished.

Vanquished Creatures (collateral kills)
  A komodo dragon (Lair:1)
1 creature vanquished.

Vanquished Creatures (others)
  A shadow imp (D:4)
  6 fungi
  3 plants
10 creatures vanquished.

Grand Total: 482 creatures vanquished

Notes
Turn   | Place    | Note
-------+----------+-------------------------------------------
     0 | D:1      | alexpussydestroyer the Felid Berserker began the quest for
                  | the Orb.
     0 | D:1      | Reached XP level 1. HP: 10/10 MP: 2/2
   317 | D:1      | Reached XP level 2. HP: 14/14 MP: 3/3
   330 | D:1      | Found a snail-covered altar of Cheibriados.
  1393 | D:2      | Reached XP level 3. HP: 8/17 MP: 4/4
  2152 | D:2      | Reached skill level 1 in Stealth
  2153 | D:2      | Reached ** piety under Trog
  2327 | D:2      | Reached XP level 4. HP: 5/21 MP: 5/5
  2519 | D:2      | Reached skill level 4 in Unarmed Combat
  2721 | D:2      | Reached skill level 5 in Dodging
  3270 | D:3      | Found a hide-covered altar of Uskayaw.
  3271 | D:3      | Noticed a -3 dagger
  3271 | D:3      | Noticed a +0 hand axe
  3350 | D:3      | Slain by an orc
  3351 | D:3      | Reached XP level 3. HP: -1/17 MP: 4/4
  3644 | D:3      | Found a stormy altar of Qazlal.
  3907 | D:3      | Reached XP level 4. HP: 21/21 MP: 5/5
  4069 | D:4      | Noticed Robin
  4147 | D:4      | Noticed Ijyb
  4156 | D:4      | Killed Ijyb
  4156 | D:4      | Reached *** piety under Trog
  4156 | D:4      | Reached XP level 5. HP: 24/24 MP: 6/6
  4247 | D:4      | Reached skill level 5 in Unarmed Combat
  4377 | D:4      | Killed Robin
  4700 | D:4      | Found a glowing silver altar of Zin.
  4700 | D:4      | Noticed an angel
  4729 | D:4      | Gained mutation: You are covered in thick fur. (AC +2)
                  | [Felid growth]
  4729 | D:4      | Reached XP level 6. HP: 28/28 MP: 7/7
  4748 | D:4      | Noticed Pikel
  4748 | D:4      | Noticed a slave
  4769 | D:4      | Killed Pikel
  4769 | D:4      | Reached skill level 7 in Unarmed Combat
  4769 | D:4      | Reached XP level 7. HP: 31/31 MP: 8/8
  5694 | D:5      | Entered Level 5 of the Dungeon
  5694 | D:5      | Noticed Menkaure
  5703 | D:5      | Noticed Blork the orc
  5704 | D:5      | Noticed Eustachio
  5741 | D:5      | Found a glowing drain.
  5750 | Sewer    | Entered a sewer
  7505 | D:5      | Reached skill level 8 in Unarmed Combat
  7505 | D:5      | Reached XP level 8. HP: 36/36 MP: 9/9
  7548 | D:5      | Killed Blork the orc
  7554 | D:5      | Killed Eustachio
  7563 | D:5      | Killed Menkaure
  7563 | D:5      | Reached **** piety under Trog
  7563 | D:5      | Reached skill level 5 in Stealth
  7673 | D:5      | Found a basalt altar of Yredelemnul.
  7774 | D:5      | Found a burning altar of Makhleb.
  7883 | D:5      | Found a staircase to the Ecumenical Temple.
  8198 | D:6      | Reached skill level 9 in Unarmed Combat
  8524 | D:6      | Found a shimmering altar of Xom.
  8526 | D:6      | Found a sparkling altar of Nemelex Xobeh.
  8527 | D:6      | Found a snail-covered altar of Cheibriados.
  8531 | D:6      | Found a sacrificial altar of Ru.
  8771 | D:6      | Gained mutation: You are somewhat resistant to further
                  | mutation. [potion of mutation]
  8833 | Temple   | Entered the Ecumenical Temple
  9333 | D:7      | Reached XP level 9. HP: 39/39 MP: 10/10
  9805 | D:7      | Reached skill level 10 in Unarmed Combat
  9812 | D:7      | Found a sacrificial altar of Ru.
 10142 | D:7      | Found an ancient bone altar of Kikubaaqudgha.
 10142 | D:7      | Found a shimmering blue altar of Sif Muna.
 10144 | D:7      | Found a radiant altar of Vehumet.
 10148 | D:7      | Identified Kikubaaqudgha's Incunabulum of Stolen Souls
 10653 | D:8      | Found a sacrificial altar of Ru.
 10672 | D:8      | Reached skill level 11 in Unarmed Combat
 10970 | D:8      | Reached XP level 10. HP: 43/43 MP: 11/11
 11054 | D:8      | Found Hihai's Elemental Accessories.
 11321 | D:8      | Found a shadowy altar of Dithmenos.
 11405 | D:8      | Found a shattered altar of Ashenzari.
 11518 | D:8      | Reached skill level 10 in Dodging
 11820 | D:9      | Noticed Maurice
 11832 | D:9      | Killed Maurice
 11832 | D:9      | Reached skill level 12 in Unarmed Combat
 11843 | D:9      | Reached ***** piety under Trog
 11979 | D:9      | Found a staircase to the Orcish Mines.
 12509 | D:9      | Noticed a two-headed ogre
 12517 | D:9      | Killed a two-headed ogre
 12795 | D:10     | Entered Level 10 of the Dungeon
 12805 | D:10     | Found a staircase to the Lair.
 12854 | D:10     | Reached skill level 13 in Unarmed Combat
 12978 | D:10     | Noticed an ice dragon
 12998 | D:10     | Killed an ice dragon
 12998 | D:10     | Reached XP level 11. HP: 46/46 MP: 12/12
 13410 | D:10     | Found Nuteyrog's Antique Armour Boutique.
 13535 | D:10     | Noticed an unseen horror
 13538 | D:10     | Killed an unseen horror
 13799 | Orc:1    | Entered Level 1 of the Orcish Mines
 13858 | Lair:1   | Entered Level 1 of the Lair of Beasts
 13926 | Lair:1   | Reached skill level 10 in Stealth
 14111 | Lair:1   | Noticed Harold
 14121 | Lair:1   | Killed Harold
 14121 | Lair:1   | Reached skill level 5 in Fighting
 14121 | Lair:1   | Reached skill level 14 in Unarmed Combat
 14468 | Lair:1   | Mangled by a komodo dragon
 14469 | Lair:1   | Reached XP level 10. HP: -9/44 MP: 11/11
 14576 | Lair:1   | Noticed Maggie
 14583 | Lair:1   | Killed Maggie
 15208 | Lair:1   | Noticed an oklob plant
 15209 | Lair:1   | Noticed an oklob plant
 15283 | Lair:1   | Reached XP level 11. HP: 25/47 MP: 12/12
 15335 | Lair:1   | Noticed Urug
 15362 | Lair:1   | Killed Urug
 16134 | Lair:2   | Identified the cursed +1 rapier of Greatest Utility {drain,
                  | rPois rN+ Str+6}
 16134 | Lair:2   | Noticed a spriggan berserker
 16135 | Lair:2   | Found a bloodstained altar of Trog.
 16135 | Lair:2   | Identified the +7 trident of Floods {elec, rF++ MR+ Str+3}
 16135 | Lair:2   | Noticed a spriggan rider
 16135 | Lair:2   | Noticed Kotami's ghost (journeyman OpFi)
 16173 | Lair:2   | Found a transporter.
 16178 | Lair:2   | Found a transporter.
 16211 | Lair:2   | Identified a scroll of acquirement
 16211 | Lair:2   | Acquired a manual of Dodging
 17175 | Lair:3   | Noticed a death yak
 17177 | Lair:3   | Noticed a death yak
 17177 | Lair:3   | Noticed a death yak
 17178 | Lair:3   | Noticed a death yak
 17186 | Lair:3   | Killed a death yak
 17194 | Lair:3   | Killed a death yak
 17194 | Lair:3   | Reached skill level 15 in Unarmed Combat
 17200 | Lair:3   | Killed a death yak
 17209 | Lair:3   | Killed a death yak
 17421 | Lair:3   | Noticed a four-headed hydra
 17428 | Lair:3   | Killed a four-headed hydra
 17856 | Lair:4   | Found a hole to the Spider Nest.
 17869 | Lair:4   | Mangled by a redback
 17870 | Lair:4   | Reached XP level 10. HP: -7/44 MP: 11/11
 17986 | Lair:4   | Reached XP level 11. HP: 48/48 MP: 12/12
 17999 | Lair:4   | Noticed a spriggan rider
 18253 | Lair:4   | Noticed a spriggan rider
 18276 | Lair:4   | Noticed a five-headed hydra
 18525 | Lair:4   | Found a staircase to the Swamp.
 19229 | Lair:4   | Noticed a spriggan rider
 19233 | Lair:4   | Killed a spriggan rider
 19570 | Lair:5   | Reached skill level 16 in Unarmed Combat
 19604 | Lair:5   | Gained mutation: Your thick and shaggy fur keeps you warm.
                  | (AC +3, rC+) [Felid growth]
 19604 | Lair:5   | Reached XP level 12. HP: 37/51 MP: 13/13
 19724 | Lair:5   | Noticed a catoblepas
 19739 | Lair:5   | Killed a catoblepas
 19745 | Lair:5   | Slain by a spiny frog

Illustrated notes

Levels and vault maps discovered:
D:1:      dpeg_arrival_signposts, layout_basic, minmay_tree_intersection,
          cheibriados_altar_1
D:2:      layout_basic, first_ration, guppyfry_early_orc_mine
D:3:      layout_loops_ring, dancing_weapons_uskayaw, lemuel_doored_altar,
          chequers_serial_rivers_small_3
D:4:      layout_cave_pods, zin_angel, uniq_pikel, uniq_robin, uniq_ijyb
D:5:      cheibrodos_helix_gallery, layout_rooms, yredelemnul_altar_generic,
          makhleb_heckhound_becter, minmay_temple_entry_fiery,
          portal_sewer_entry_a, uniq_blork_the_orc, uniq_eustachio,
          uniq_menkaure
D:6:      layout_cave_pools, minitemple
D:7:      layout_loops_corners, grunt_temple_overflow_magic_moments,
          basic_altar, grunt_livestock
D:8:      layout_rooms, cheibrodos_ashenzari_chains, basic_altar,
          nicolae_elemental_shop, grunt_dithmenos_shadows
D:9:      layout_basic, orc_0_dummy, uniq_maurice
D:10:     minmay_coctagon, layout_irregular_city, minmay_lair_entry_grove,
          serial_shops, shop
Temple:   kb_corrupted_temple
Lair:1:   beast_lair_carwin_large_2, layout_cave_pods, kennysheep_rathole,
          minmay_lair_oklob_chamber, serial_bayou_shore_b, grunt_megastairs_4,
          uniq_harold, uniq_maggie, uniq_urug
Lair:2:   layout_loops_ring, gammafunk_ghost_wrathful_warriors, roderic_batcave,
          serial_bayou_shore_b, infiniplex_staircase_pool_2, lemuel_fruit_tree,
          serial_bayou_shore_a, serial_bayou_shore_b
Lair:3:   layout_chaotic_city, kennysheep_catoblepas_arena, grunt_megastairs_3,
          serial_bayou_shore_b
Lair:4:   kb_forest_paths, layout_long_grid, swamp_mist, spider_nest_entry_webs,
          kennysheep_abandoned_house
Lair:5:   layout_regular_city, grunt_megastairs_1
Orc:1:    giant_chief_lemuel, layout_caves, trog_butcher_becter, uniq_gastronok

Skill      XL: |  1  2  3  4  5  6  7  8  9 10 11 |
---------------+----------------------------------+-----
Stealth        | 2 3 4 5 7 11 14 | 14.6
Unarmed Combat | 4 5 7 8 9 11 13 16 | 16.1
Dodging        | 5 6 8 9 11 13 | 13.6
Fighting       | 4 5 |  5.6
Evocations     | |  0.4

Action                   |  1- 3 |  4- 6 |  7- 9 | 10-12 || total
-------------------------+-------+-------+-------+-------++-------
Melee: Unarmed           |   152 |   130 |   638 |   592 ||  1512
       Bite              |    12 |    11 |    95 |    83 ||   201
       Punch             |     2 |     2 |    30 |    45 ||    79
Invok: Berserk           |     2 |     4 |     5 |    22 ||    33
       Trog's Hand       |     1 |     5 |    10 |    22 ||    38
       Brothers in Arms  |       |       |       |     3 ||     3
Evoke: Wand              |       |       |       |     4 ||     4
  Use: Potion            |     1 |     7 |     6 |     6 ||    20
       Scroll            |       |     4 |     8 |     7 ||    19
 Stab: Sleeping          |     4 |     3 |    12 |    55 ||    74
       Distracted        |       |       |       |     1 ||     1
  Eat: Chunk             |    13 |     6 |    26 |    59 ||   104
       Ration            |       |       |     1 |       ||     1
Armor: Skin              |     5 |     6 |     8 |     6 ||    25
Dodge: Dodged            |   139 |    86 |   338 |   554 ||  1117
